 Dungeon Crawl Stone Soup version 0.21-a0-509-gecc5317 (webtiles) character file.

22 Laiders the Cudgeler (level 2, 0/16 HPs)
             Began as a Vine Stalker Fighter on Nov 30, 2017.
             Slain by a leopard gecko (1 damage)
             ... on level 1 of the Dungeon.
             The game lasted 00:01:13 (1125 turns).

Laiders the Cudgeler (Vine Stalker Fighter)         Turns: 1125, Time: 00:01:14

Health: 0/16       AC:  6    Str: 18    XL:     2   Next: 91%
Magic:  0/3        EV:  7    Int:  8    God:
Gold:   47         SH:  9    Dex: 13    Spells: 1/1 levels left

rFire    . . .     SeeInvis .   a - +0 flail
rCold    . . .     Gourm    .   c - +0 shield
rNeg     . . .     Faith    .   b - +0 scale mail
rPois    .         Spirit   +   (no helmet)
rElec    .         Reflect  .   (no cloak)
rCorr    .         Harm     .   (no gloves)
MR       .....                  (no boots)
Stlth    ..........             (no amulet)
HPRegen  0.05/turn              (no ring)
MPRegen  0.08/turn              (no ring)

@: no status effects
A: fangs 2, magic shield, antimagic bite, no potion heal 3, rot immunity
a: no special abilities


You were on level 1 of the Dungeon.
You were hungry.

You visited 1 branch of the dungeon, and saw 2 of its levels.

You collected 47 gold pieces.

Inventory:

Hand Weapons
 a - a +0 flail (weapon)
Armour
 b - a +0 scale mail (worn)
 c - a +0 shield (worn)
Scrolls
 e - a scroll of enchant weapon {unknown}
 g - a scroll of remove curse {unknown}
 i - 2 scrolls of identify {unknown}
Potions
 d - a potion of might
 h - a potion of curing {unknown}
 j - a potion of lignification {unknown}
Comestibles
 f - 2 bread rations


   Skills:
 - Level 2.6 Fighting
 + Level 3.0 Maces & Flails
 - Level 2.4 Armour
 - Level 2.6 Shields


You had one spell level left.
You didn't know any spells.

Dungeon Overview and Level Annotations

Branches:
Dungeon (2/15)

Altars:


Innate Abilities, Weirdness & Mutations

You have extremely sharp teeth.
When hurt, damage is shared between your health and your magic reserves.
Your bite disrupts and absorbs the magic of your enemies.
Potions cannot restore your health.
You are immune to rotting.


Message History

You block the gnoll's attack.
Your shield and scale mail prevent you from hitting the leopard gecko.
Your bite misses the leopard gecko.
The leopard gecko is severely wounded.
The leopard gecko barely misses you. The gnoll hits you but does no damage.
You closely miss the leopard gecko.
The leopard gecko is severely wounded.
The leopard gecko bites you.
* * * LOW HITPOINT WARNING * * *
The gnoll hits you but does no damage. The leopard gecko bites you.
* * * LOW HITPOINT WARNING * * *
You hit the leopard gecko but do no damage.
You bite the leopard gecko, but do no damage.
The leopard gecko is severely wounded.
You block the leopard gecko's attack. You block the gnoll's attack.
You block the leopard gecko's attack.
You barely miss the leopard gecko.
The leopard gecko is severely wounded.
The gnoll hits you but does no damage. The leopard gecko bites you.
You die...

########### ##.>.......#
########### #..........#
#.......... #..........#
###.########. #........g.#
##.......# #. #.........@#
#....###.# #. #.#......l.#
#....# #.# #. #.#........#
#....# #.# #. #.#........#
#....# #.# #.
####........#.###....# #.#
#.
#....................###.#
#.
#.#######.#.#.>#.#.#.....#
#.
###.#######.#....#.#.#######
#. #........##.#......#.# #.


You could see a gnoll and a leopard gecko.

Vanquished Creatures
  A dart slug (D:1)
  2 bats (D:1)
  2 giant cockroaches (D:1)
  3 goblins (D:1)
  5 hobgoblins (D:1)
  A kobold (D:1)
  3 rats (D:1)
17 creatures vanquished.

Notes
Turn   | Place    | Note
-------+----------+-------------------------------------------
     0 | D:1      | Laiders the Vine Stalker Fighter began the quest for the Orb.
     0 | D:1      | Reached XP level 1. HP: 11/11 MP: 2/2
    63 | D:1      | Reached skill level 2 in Maces & Flails
   138 | D:1      | Reached XP level 2. HP: 9/16 MP: 3/3
   795 | D:1      | Reached skill level 3 in Maces & Flails
  1125 | D:1      | Slain by a leopard gecko

Vault maps used:
D:1:      eino_arrival_tree_alley
D:2:      nicolae_qazlal_style_of_elements, minmay_misc_feat_five

Skill      XL: |  1  2 |
---------------+-------+-----
Maces & Flails | 2 3 |  3.0
Fighting       | |  2.6
Armour         | |  2.4
Shields        | |  2.6

Action                   || total
-------------------------++-------
Melee: Flail             ||    53
       Bite              ||    12
Armor: Scale mail        ||    15
Dodge: Dodged            ||    13
Block: Shield            ||    43

Table legend:
 A = Spawn XP
 B = Non-spawn XP
 C = Spawn XP percentage of total XP
 D = Spawn monster count
 E = Non-spawn monster count
 F = Spawn count percentage of total count
 G = Total turns spent on level
                    A         B        C        D         E        F      G
               +---------+---------+-------+---------+---------+-------+---------
         Total |       0 |      32 |   0.0 |       0 |      17 |   0.0 |  1125
               +---------+---------+-------+---------+---------+-------+---------
           D:1 |       0 |      32 |   0.0 |       0 |      17 |   0.0 |  1119
               +---------+---------+-------+---------+---------+-------+---------
